 Dungeon Crawl Stone Soup version 0.17.0-18-gaab0e96 (webtiles) character file.

3839 4thArraOfDagon the Cleaver (level 9, -1/82 HPs)
             Began as a Minotaur Berserker on Nov 11, 2015.
             Was a Priest of Trog.
             Killed by divine providence
             ... invoked by an orc priest
              (9 damage)
             ... on level 12 of the Dungeon.
             The game lasted 00:11:28 (2097 turns).

4thArraOfDagon the Cleaver (Minotaur Berserker)     Turns: 2097, Time: 00:11:28

Health: -1/82      AC: 12    Str: 24    XL:     9   Next: 98%
Magic:  11/11      EV:  9    Int:  5    God:    Trog [***...]
Gold:   232        SH:  0    Dex: 10    Spells: 0 memorised, 8 levels left

rFire  . . .     SeeInvis +     t - +1 war axe
rCold  . . .     Clarity  .     a - +0 chain mail
rNeg   . . .     SustAt   .     (no shield)
rPois  .         Gourm    .     (helmet restricted)
rElec  .         Spirit   .     n - +0 cloak
rCorr  .         Warding  .     (no gloves)
rMut   .         Stasis   .     (no boots)
MR     ++...                    (no amulet)
Stlth  ..........               u - ring of see invisible
                                (no ring)

@: exhausted, regenerating, slowed, very slow, very resistant to hostile
enchantments, extremely unstealthy
A: retaliatory headbutt, horns 2
a: Berserk, Trog's Hand, Burn Spellbooks, Renounce Religion


You were on level 12 of the Dungeon.
You worshipped Trog.
Trog was most pleased with you.
You were not hungry.

You visited 1 branch of the dungeon, and saw 11 of its levels.
You also visited: Sewer.

You collected 232 gold pieces.

Inventory:

Hand Weapons
 t - a +1 war axe (weapon)
 x - a +0 blowgun
Missiles
 w - 2 curare-tipped needles
Armour
 a - a +0 chain mail (worn)
 n - a +0 cloak (worn)
 B - a troll hide
Jewellery
 u - a ring of see invisible (right hand)
 v - an uncursed ring of teleportation
Wands
 f - a wand of magic darts (10)
 o - a wand of frost (19)
 q - a wand of confusion (18)
 r - a wand of fireball (3)
Scrolls
 b - 2 scrolls of blinking
 y - a scroll of remove curse
Potions
 e - a potion of haste {unknown}
 g - 2 potions of curing
 i - a potion of poison {unknown}
 j - a potion of cancellation {unknown}
 m - a potion of ambrosia {unknown}
Books
 p - a Necronomicon

   Spells                             Type                      Level
   a - Haunt                          Necromancy/Summoning         7
   b - Borgnjor's Revivification      Necromancy                   8
   c - Death's Door                   Charms/Necromancy            8
   d - Necromutation                  Transmutation/Necromancy     8
   Trog disapproves of the use of such an item.
 s - a book of Conjurations

   Spells                             Type                      Level
   a - Magic Dart                     Conjuration                  1
   b - Searing Ray                    Conjuration                  2
   c - Dazzling Spray                 Conjuration/Hexes            3
   d - Fulminant Prism                Conjuration/Hexes            4
   e - Iskenderun's Mystic Blast      Conjuration                  4
   f - Iskenderun's Battlesphere      Conjuration/Charms           5
   Trog disapproves of the use of such an item.
Comestibles
 c - 5 bread rations
 d - 3 meat rations
 h - 2 slices of pizza
 k - 2 fruits
 l - 2 royal jellies
 z - 5 chunks of flesh
 A - a beef jerky


   Skills:
 + Level 8.7 Fighting
 * Level 11.4 Axes
 + Level 8.1 Armour
 - Level 2.1 Dodging
 * Level 5.3 Evocations


You had 8 spell levels left.
You didn't know any spells.

Dungeon Overview and Level Annotations

Branches:
Dungeon (12/15)
 Temple: D:4-7         Lair: D:8-11         Orc: D:9-12

Altars:
Gozag

Shops:
D:12 %

Annotations:
D:7 Jaden271's ghost, novice TrBe
D:10 Psyche


Innate Abilities, Weirdness & Mutations

You reflexively headbutt those who attack you in melee.
You have a pair of horns on your head.


Message History

You feel better. The orc warrior barely misses you.
Unknown command.
Your skin crawls.
You feel resistant to hostile enchantments.
You feel slightly more hungry.
The orc priest hits you but does no damage.
The orc warrior hits you with a battleaxe of electrocution.
* * * LOW HITPOINT WARNING * * *
You are electrocuted!
* * * LOW HITPOINT WARNING * * *
Unknown command.
Drink which item? (? for menu, Esc to quit)
You feel better.
The orc priest hits you with a hand axe.
* * * LOW HITPOINT WARNING * * *
The orc warrior hits you with a battleaxe of electrocution!
* * * LOW HITPOINT WARNING * * *
The orc priest invokes the aid of Beogh against you.
Something smites you!
You die...

############ ####### #####
#..........# #.....# #...
#..........# #.....#
..#+###..........# #.....#
..'∩'.'..........### #.....#
..#+#.#.........@oo#####.....#
....###.........o#o....'.....#
.#### #.################.....#
.# ### #..o..# .. ####'## #.#
#..# +# #.## #o# #o#


You could see an orc warrior, an orc priest and 2 orcs.

Vanquished Creatures
  A kobold demonologist (D:11)
  2 trolls (D:11)
  A two-headed ogre (D:10)
  6 yaks
  A hippogriff (D:10)
  3 vampire mosquitoes (D:12)
  An orc warrior (D:10)
  An ice beast (D:11)
  2 ogres
  A centaur (D:10)
  A black bear (D:10)
  2 giant frogs
  2 big kobolds
  A gnoll sergeant (D:10)
  A scorpion (D:5)
  5 wights (D:10)
  5 crimson imps
  An iguana (D:11)
  2 hounds (D:10)
  An orc wizard (D:10)
  2 worker ants (D:10)
  A hound zombie (D:10)
  A river rat (D:6)
  7 adders
  4 gnolls (D:10)
  A worm (D:2)
  A giant gecko (D:2)
  8 orcs
  A bat (D:1)
  3 giant cockroaches
  A goblin (D:3)
  7 hobgoblins
  7 jackals
  2 quokkas
  A ball python (D:1)
  4 giant newts
  13 kobolds
  A quokka skeleton (D:6)
  2 rats
107 creatures vanquished.

Notes
Turn   | Place    | Note
--------------------------------------------------------------
     0 | D:1      | 4thArraOfDagon the Minotaur Berserker began the quest for the Orb.
     0 | D:1      | Reached XP level 1. HP: 19/19 MP: 0/0
   100 | D:1      | Reached skill level 4 in Axes
   100 | D:1      | Reached XP level 2. HP: 18/27 MP: 1/1
   192 | D:1      | Reached XP level 3. HP: 20/33 MP: 2/2
   229 | D:2      | Reached ** piety under Trog
   393 | D:3      | Found an opulent altar of Gozag.
   435 | D:3      | umm
   667 | D:5      | Entered Level 5 of the Dungeon
   669 | D:5      | Noticed a scorpion
   674 | D:5      | Killed a scorpion
   674 | D:5      | Reached skill level 5 in Axes
   674 | D:5      | Reached XP level 4. HP: 41/41 MP: 3/3
   676 | D:5      | Reached XP level 5. HP: 47/47 MP: 4/4
   721 | D:5      | Found an opulent altar of Gozag.
   831 | D:5      | lab d:5
   933 | D:6      | Reached skill level 5 in Fighting
   933 | D:6      | Reached skill level 6 in Axes
  1014 | D:6      | Found a glowing drain.
  1032 | Sewer    | Entered a sewer
  1081 | D:7      | Noticed Jaden271's ghost (novice TrBe)
  1085 | D:7      | You fall through a shaft for 3 floors!
  1085 | D:10     | Entered Level 10 of the Dungeon
  1085 | D:10     | Noticed a black bear
  1091 | D:10     | Killed a black bear
  1091 | D:10     | Reached XP level 6. HP: 56/56 MP: 5/5
  1110 | D:10     | Noticed a yak
  1110 | D:10     | Noticed a two-headed ogre
  1111 | D:10     | Noticed a yak
  1113 | D:10     | Noticed a yak
  1119 | D:10     | Killed a two-headed ogre
  1119 | D:10     | Reached skill level 7 in Axes
  1119 | D:10     | Reached skill level 5 in Armour
  1119 | D:10     | Reached XP level 7. HP: 56/62 MP: 6/6
  1137 | D:10     | Killed a yak
  1137 | D:10     | Killed a yak
  1137 | D:10     | Reached skill level 8 in Axes
  1140 | D:10     | Killed a yak
  1180 | D:10     | Noticed an ogre
  1185 | D:10     | Killed an ogre
  1185 | D:10     | Reached XP level 8. HP: 71/71 MP: 7/7
  1228 | D:10     | Noticed a hippogriff
  1236 | D:10     | Killed a hippogriff
  1236 | D:10     | Reached skill level 9 in Axes
  1236 | D:10     | Reached skill level 1 in Evocations
  1316 | D:10     | Noticed an orc warrior
  1317 | D:10     | Noticed Psyche
  1359 | D:10     | Killed an orc warrior
  1372 | D:10     | Reached *** piety under Trog
  1567 | D:10     | axe plox
  1584 | D:10     | Reached skill level 10 in Axes
  1598 | D:10     | thx
  1612 | D:10     | Noticed a centaur
  1616 | D:10     | Killed a centaur
  1616 | D:10     | Reached XP level 9. HP: 46/80 MP: 10/10
  1938 | D:11     | Noticed a kobold demonologist
  1954 | D:11     | Noticed an orange demon
  1960 | D:11     | Killed a kobold demonologist
  1960 | D:11     | Reached skill level 11 in Axes
  1961 | D:11     | Reached skill level 5 in Evocations
  2018 | D:12     | Found Efa Imm's Food Shop.
  2097 | D:12     | Killed from afar by an orc priest

Action                   |  1- 3 |  4- 6 |  7- 9 || total
-------------------------+-------+-------+-------++-------
Melee: Hand axe          |    63 |    35 |    49 ||   147
       War axe           |       |       |   109 ||   109
Invok: Berserk           |     2 |     1 |     6 ||     9
       Trog's Hand       |       |       |     6 ||     6
Evoke: Wand              |       |     2 |     5 ||     7
  Use: Scroll            |       |     5 |     3 ||     8
       Potion            |       |       |     2 ||     2
 Stab: Confused          |       |       |     2 ||     2
  Eat: Chunk             |       |     4 |    10 ||    14
